 Dungeon Crawl Stone Soup version 0.28.0-53-g5a82cb258f (webtiles) character file.

Game seed: 7960039626723568648

25 Sin92 the Magician (level 2, -1/15 HPs)
             Began as a Deep Elf Hedge Wizard on July 12, 2022.
             Slain by a worm (5 damage)
             ... on level 2 of the Dungeon.
             The game lasted 00:02:57 (1419 turns).

Sin92 the Magician (Deep Elf Hedge Wizard)          Turns: 1419, Time: 00:02:57

Health: -1/15      AC:  2    Str:  7    XL:     2   Next: 86%
Magic:  5/9        EV: 12    Int: 18    God:
Gold:   62         SH:  0    Dex: 14    Spells: 8/10 levels left

rFire   . . .      SeeInvis .   d - +1 whip (freeze)
rCold   . . .      Faith    .   (no shield)
rNeg    . . .      Spirit   .   b - +0 robe
rPois   .          Reflect  .   c - +0 hat
rElec   .          Harm     .   (no cloak)
rCorr   .          Rampage  .   (no gloves)
Will    .....                   (no boots)
Stlth   ++........              (no amulet)
HPRegen 0.05/turn               h - ring of flight
MPRegen 0.11/turn               (no ring)

@: flying, very slightly contaminated
A: no striking features
a: no special abilities


You were on level 2 of the Dungeon.
You visited 1 branch of the dungeon, and saw 2 of its levels.

You collected 62 gold pieces.

Inventory:

Hand Weapons
 a - a +0 dagger
 d - a +1 whip of freezing (weapon)
Armour
 b - a +0 robe (worn)
 c - a +0 hat (worn)
Jewellery
 h - a ring of flight (left hand)
Scrolls
 f - a scroll of enchant weapon {unknown}
 i - a scroll of identify {unknown}
Potions
 e - a potion of curing {unknown}
 g - a potion of degeneration {unknown}


   Skills:
 + Level 0.3 Fighting
 - Level 0.2 Short Blades
 + Level 0.2 Maces & Flails
 + Level 0.4 Armour
 + Level 2.6 Dodging
 + Level 2.7 Stealth
 + Level 4.6 Spellcasting
 + Level 1.5 Conjurations
 + Level 0.7 Hexes
 - Level 1.1 Summonings
 + Level 1.3 Translocations


You had 8 spell levels left.
You knew the following spells:

 Your Spells              Type           Power      Damage    Failure   Level
a - Magic Dart            Conj           36%        1d4       8%          1
b - Slow                  Hex            24%        N/A       10%         1

Your spell library contained the following spells:

 Spells                   Type           Power      Damage    Failure   Level
 Summon Small Mammal      Summ           32%        N/A       9%          1
 Blink                    Tloc           16%        N/A       12%         2
 Call Imp                 Summ           8%         N/A       13%         2
 Call Canine Familiar     Summ           8%         N/A       26%         3
 Summon Guardian Golem    Hex/Summ       7%         N/A       28%         3
 Conjure Flame            Conj/Fire      6%         6-21      30%         3
 Mephitic Cloud           Conj/Pois/Air  5%         N/A       34%         3
 Manifold Assault         Tloc           8%         N/A       92%         5
 Storm Form               Tmut/Air       2%         N/A       100%        7


Dungeon Overview and Level Annotations

Branches:
Dungeon (2/15)

Altars:

Shops:
D:2 ?*!


Message History

You kill the kobold!
You can't see any susceptible monsters within range! (Use Z to cast anyway.)
You can't see any susceptible monsters within range! (Use Z to cast anyway.)
You can't see any susceptible monsters within range! (Use Z to cast anyway.)
Found a robe.
Things that are here:
a +0 dagger; a stone; a kobold corpse You see here a +0 robe.
You see here a +0 robe.
Things that are here:
a +0 dagger; a stone; a kobold corpse A worm comes into view.
Found a stone staircase leading down.
A worm is nearby!
A worm is nearby!
The magic dart hits the worm.
The worm is moderately wounded.
The magic dart hits the worm.
The worm is moderately wounded.
You can't see any susceptible monsters within range! (Use Z to cast anyway.)
You can't see any susceptible monsters within range! (Use Z to cast anyway.)
A worm is nearby!
A worm is nearby!
A worm is nearby!
A worm is nearby!
You miscast Magic Dart.
You are very lightly contaminated with residual magic.
Nothing appears to happen.
You miscast Magic Dart.
Nothing appears to happen.
The worm bites you!
Ouch! That really hurt!
* * * LOW HITPOINT WARNING * * *
You are too injured to fight recklessly!
You are too injured to fight recklessly!
You are too injured to fight recklessly!
You hit the worm. You freeze the worm.
The worm is heavily wounded.
You hit the worm. You freeze the worm.
The worm is severely wounded.
The worm bites you.
You die...

#..........#
...
#..........#
...
#.....[....#
..#
#..........#
..#
#..........#
>.#
#..........#
..#
#####.######
#####..#
##.######
#...@..#
#...[....
#.###w##
#.#)#####
#.# ...
#.#.# #.#
.### #.#.#
#.# .# #.#.#
#.# .# #.#.#
#.# .. #.#.#
#.# ## #.#.#
#.# #.#


You could see a worm.

Vanquished Creatures
  4 ball pythons
  An endoplasm (D:1)
  A giant cockroach (D:1)
  2 goblins (D:1)
  3 hobgoblins
  5 kobolds
  2 quokkas (D:1)
  2 bats (D:1)
  A frilled lizard (D:1)
  4 rats
25 creatures vanquished.

Notes
Turn   | Place    | Note
-------+----------+-------------------------------------------
     0 | D:1      | Sin92 the Deep Elf Hedge Wizard began the quest for the
                  | Orb.
     0 | D:1      | Reached XP level 1. HP: 10/10 MP: 7/7
     2 | D:1      | Learned a level 1 spell: Slow
   187 | D:1      | Reached XP level 2. HP: 15/15 MP: 6/9
  1142 | D:2      | Found Emam's Assorted Antiques.
  1241 | D:2      | Found Duemy's Distillery.
  1307 | D:2      | Found Jes Haitt's Magic Scroll Shop.
  1419 | D:2      | Slain by a worm

Illustrated notes

Levels and vault maps discovered:
D:1:      grunt_arrival_lava_bath, layout_basic
D:2:      minmay_skewed_foursquare, layout_basic, serial_shops,
          nicolae_shop_waterfront, shop, nicolae_shop_hallway_stairs,
          basic_altar

Action                   || total
-------------------------++-------
Melee: Whip              ||     5
 Cast: Magic Dart        ||    56
Armor: Robe              ||     1
Dodge: Dodged            ||     6
